 Dungeon Crawl Stone Soup version 0.16.1 (webtiles) character file.

63 Fiveotanaka the Stinger (level 3, -1/19 HPs)
             Began as a Deep Elf Venom Mage on Mar 27, 2015.
             Slain by an orc wizard
             ... wielding a +0 dagger
              (7 damage)
             ... on level 2 of the Dungeon.
             The game lasted 00:06:07 (1745 turns).

Fiveotanaka the Stinger (Deep Elf Venom Mage)       Turns: 1745, Time: 00:06:07

Health: -1/19      AC:  3    Str:  9    XL:     3   Next: 87%
Magic:  1/10       EV: 13    Int: 24    God:
Gold:   134        SH:  0    Dex: 15    Spells: 2 memorised, 4 levels left

rFire  . . .     SeeInvis .     t - +0 whip
rCold  . . .     Clarity  .     a - +0 robe
rNeg   . . .     SustAb   .     (no shield)
rPois  .         Gourm    .     (no helmet)
rElec  .         Spirit   .     (no cloak)
rCorr  .         Warding  .     f - +0 pair of gloves
rMut   .         Stasis   .     (no boots)
MR     .....                    (no amulet)
Stlth  +.........               x - +4 ring of intelligence
                                q - +4 ring of strength

@: confused, very slightly contaminated, not resistant to hostile enchantments,
very unstealthy
A: no striking features
a: no special abilities


You were on level 2 of the Dungeon.
You were not hungry.

You visited 1 branch of the dungeon, and saw 3 of its levels.

You collected 134 gold pieces.

Inventory:

Hand weapons
 k - a +0 club
 t - a +0 whip (weapon)
Missiles
 j - 152 stones (quivered)
 m - 19 poisoned needles
Armour
 a - a +0 robe (worn)
 f - a +0 pair of gloves (worn)
Jewellery
 q - a +4 ring of strength (left hand)
 x - a +4 ring of intelligence (right hand)
Scrolls
 d - 4 scrolls of identify {unknown}
 g - 2 scrolls of enchant weapon {unknown}
 i - a scroll of magic mapping {unknown}
 u - a scroll of remove curse {unknown}
Potions
 e - a potion of haste {unknown}
 l - a potion of heal wounds {unknown}
 n - 2 potions of magic {unknown}
 o - a potion of brilliance {unknown}
 r - a potion of poison {unknown}
 s - a potion of might {unknown}
 v - a potion of mutation {unknown}
 w - a potion of flight {unknown}
Books
 b - a Young Poisoner's Handbook

   Spells                             Type                      Level
   a - Sting                          Conjuration/Poison           1
   b - Cure Poison                    Poison                       2
   c - Mephitic Cloud                 Conjuration/Poison/Air       3
   d - Olgreb's Toxic Radiance        Poison                       4
   e - Venom Bolt                     Conjuration/Poison           5
Comestibles
 c - 3 bread rations
 h - a chunk of flesh
 p - a meat ration


   Skills:
 - Level 2.4 Dodging
 - Level 2.4 Stealth
 - Level 3.0 Spellcasting
 + Level 3.9 Conjurations
 - Level 4.3 Poison Magic


You had 4 spell levels left.
You knew the following spells:

 Your Spells              Type           Power        Failure   Level  Hunger
a - Sting                 Conj/Pois      ###.         1%          1    None
b - Mephitic Cloud        Conj/Pois/Air  ###.....     12%         3    ###....


Dungeon Overview and Level Annotations

Branches:
Dungeon (3/15)

Altars:
Yredelemnul
The Shining One

Annotations:
D:3 Grinder; edsrzf's ghost, weakling FeMo


Message History

Aim: an orc, wielding a flail (almost dead)
You miscast Sting.
You are very lightly contaminated with residual magic.
Strange energies run through your body. Something hits you but does no damage.
The orc hits you with a flail! Something hits you but does no damage.
Something hits you. The orc hits you but does no damage.
You climb upwards.
There is a stone staircase leading down here.
Casting: Sting
Confirm with . or Enter, or press ? or * to list all spells.
Aiming: Sting
Press: ? - help, Shift-Dir - straight line, f - orc
Aim: an orc, wielding a flail (almost dead)
The sting hits the orc.
The orc is poisoned.
You kill the orc!
You hear some strange, mumbled words.
You are confused.
Something hits you!
You die...

#.# ####.#.## #.#.#...# #.#
#...###.###.#.#...# #.####..##
##..........#
#........###.###)#.#..##
######.##.#.####......#####
#.##......<.........#.
#.......#####.#####..# #########
#.##....## #.@.######.##.##<.#
#### #).........##.##.#. ...#
#...######.......#. ##.# ##.##
####.####. #.# #.>.# #.# ##
##.###### #...# ######.###
........# #...####........##
##.####.# #####.).......#.#..#.##
##.#....###.............#.#.###.#


There were no monsters in sight!

Vanquished Creatures
  An adder (D:2)
  A giant gecko (D:2)
  2 orcs
  7 goblins
  10 hobgoblins
  A jackal (D:3)
  6 kobolds
  A quokka (D:3)
  A ball python (D:3)
  6 bats
  2 giant cockroaches (D:1)
  4 giant newts (D:1)
  9 rats
51 creatures vanquished.

Notes
Turn   | Place    | Note
--------------------------------------------------------------
     0 | D:1      | Fiveotanaka, the Deep Elf Venom Mage, began the quest for the Orb.
     0 | D:1      | Reached XP level 1. HP: 10/10 MP: 5/5
    94 | D:1      | Reached skill level 1 in Conjurations
   190 | D:1      | Reached XP level 2. HP: 15/15 MP: 3/8
   624 | D:1      | Reached XP level 3. HP: 19/19 MP: 8/10
   645 | D:1      | Learned a level 3 spell: Mephitic Cloud
  1154 | D:2      | Found a basalt altar of Yredelemnul.
  1618 | D:3      | Found a glowing golden altar of the Shining One.
  1621 | D:3      | Noticed Grinder
  1622 | D:3      | Noticed edsrzf's ghost (weakling FeMo)
  1745 | D:2      | Slain by an orc wizard

Action                   || total
-------------------------++-------
Melee: Club              ||     4
       Whip              ||     5
 Cast: Sting             ||    71
       Mephitic Cloud    ||     1
  Eat: Chunk             ||     2
